 Dungeon Crawl Stone Soup version 0.29.1-12-g30fa7ad0bf (webtiles) character file.

Game seed: 5990500034938711947

3080 KittyFluff the Basher (level 9, -17/85 HPs)
             Began as a Gargoyle Berserker on Jan 2, 2023.
             Was a Priest of Trog.
             Killed from afar by a steam dragon (22 damage)
             ... with a ball of steam
             ... on level 7 of the Dungeon on Jan 3, 2023.
             The game lasted 00:34:43 (8975 turns).

KittyFluff the Basher (Gargoyle Berserker)          Turns: 8975, Time: 00:34:44

Health: -17/85     AC: 12    Str: 20    XL:     9   Next: 89%
Magic:  0/9        EV: 13    Int:  9    God:    Trog [***...]
Gold:   312        SH:  4    Dex: 13    Spells: 8/8 levels left

rFire   . . .      SeeInvis .   a - +1 mace (holy)
rCold   . . .      Faith    .   F - +0 buckler
rNeg    + . .      Spirit   +   u - +0 leather armour
rPois   ∞          Reflect  .   j - +0 helmet
rElec   +          Harm     .   (no cloak)
rCorr   +          Rampage  .   (no gloves)
Will    +....                   h - +0 pair of boots
Stlth   ..........              s - amulet of guardian spirit
HPRegen 0.24/turn               k - ring of resist corrosion
MPRegen 0.11/turn               n - ring of willpower

@: berserking, very quick
A: sickness immunity, AC +6, negative energy resistance 1, electricity
resistance, torment resistance 1, petrification resistance
a: Renounce Religion, Berserk, Trog's Hand


You were on level 7 of the Dungeon.
You worshipped Trog.
Trog was most pleased with you.
You visited 1 branch of the dungeon, and saw 7 of its levels.

You collected 424 gold pieces.
You spent 112 gold pieces at shops.

Inventory:

Hand Weapons
 a - a +1 mace of holy wrath (weapon)
 g - a +0 shortbow
 p - a +0 sling
Missiles
 c - 4 poisoned darts
 o - 27 stones (quivered)
Armour
 h - a +0 pair of boots (worn)
 j - a +0 helmet (worn)
 u - a +0 leather armour (worn)
 E - the +0 pair of gloves of Bedevilment {rPois rF+++ rC- Dex-4}
   (You found it on level 7 of the Dungeon)

   Dex:       It affects your dexterity (-4).
   rF:        It renders you almost immune to fire.
   rC:        It makes you vulnerable to cold.
   rPois:     It protects you from poison.
 F - a +0 buckler (worn)
 H - a +0 ring mail
Jewellery
 k - a ring of resist corrosion (left hand)
 n - a ring of willpower (right hand)
 s - an amulet of guardian spirit (around neck)
Wands
 y - a wand of mindburst (4)
 D - a wand of paralysis (13)
Scrolls
 b - a scroll of blinking
 d - 2 scrolls of brand weapon
 f - 5 scrolls of immolation
 m - 2 scrolls of enchant weapon
 q - 2 scrolls of summoning
 r - a scroll of magic mapping
 v - 3 scrolls of teleportation
 w - a scroll of fog {unknown}
 I - a scroll of fear {unknown}
Potions
 e - a potion of might
 i - 3 potions of flight
 l - 2 potions of lignification {unknown}
 t - 4 potions of curing {unknown}
 x - 2 potions of berserk rage {unknown}
 z - a potion of invisibility {unknown}
 A - 2 potions of mutation {unknown}
 B - 2 potions of degeneration {unknown}
 C - a potion of ambrosia {unknown}
 G - a potion of attraction {unknown}


   Skills:
 + Level 7.1 Fighting
 + Level 8.6 Maces & Flails
 + Level 0.8 Throwing
 * Level 6.9 Armour
 + Level 5.0 Dodging
 + Level 3.0 Stealth
 + Level 2.0 Shields


You had 8 spell levels left.
You didn't know any spells.
Your spell library was empty.

Dungeon Overview and Level Annotations

Branches:
Dungeon (7/15)             Temple (0/1) D:5

Altars:
Cheibriados
Gozag
Okawaru
Sif Muna
Yredelemnul
Zin

Shops:
D:3 ?   D:4 (


Innate Abilities, Weirdness & Mutations

You are immune to sickness and miasma.
Your stone body is resilient. (AC +6)
You are immune to poison.
You resist negative energy. (rN+)
You are resistant to electric shocks. (rElec)
You are resistant to unholy torment.
You are immune to petrification.


Message History

You are engulfed in a cloud of scalding steam.
The steam dragon barely misses you. You block the steam dragon's attack.
You closely miss the steam dragon.
The steam dragon is severely wounded.
You are engulfed in a cloud of scalding steam.
* * * LOW HITPOINT WARNING * * *
The steam dragon barely misses you. The steam dragon claws you.
* * * LOW HITPOINT WARNING * * *
You hit the steam dragon but do no damage.
The steam dragon is severely wounded.
The steam dragon barely misses you. You block the steam dragon's attack.
You hit the steam dragon but do no damage.
The steam dragon is severely wounded.
The steam dragon closely misses you.
The steam dragon claws you but does no damage.
You hit the steam dragon.
The steam dragon is severely wounded.
The steam dragon completely misses you. The steam dragon barely misses you.
You closely miss the steam dragon.
The steam dragon is severely wounded.
You block the steam dragon's attack. The steam dragon closely misses you.
You barely miss the steam dragon.
The steam dragon is severely wounded.
The steam dragon barely misses you. The steam dragon closely misses you.
You hit the steam dragon but do no damage.
The steam dragon is severely wounded.
The steam dragon bites you.
* * * LOW HITPOINT WARNING * * *
The steam dragon closely misses you.
You closely miss the steam dragon.
The steam dragon is severely wounded.
The steam dragon breathes steam at you. The ball of steam hits you!
* * * LOW HITPOINT WARNING * * *
A red film seems to cover your vision as you go berserk!
You feel yourself moving faster!
You feel mighty!
You are engulfed in a cloud of scalding steam.
The steam dragon breathes steam at you. The ball of steam hits you!!
You die...

##...##.....## .........
#.....#.....#. ........#
#.....'..8..'. ........#
#.....#.....#.
........####...##.....##
..........#######.....##
........................
.......D................
#@................
+...§................
###.§..#+##....#+####
...#.#... #........##
....#.##..............
.....#.##.....#......##
.... #....)...#......#
(... #####....#......#
.............#


You could see a steam dragon (catching breath).

Vanquished Creatures
  Pikel (D:6)
  A deep elf pyromancer (D:7)
  Eustachio (D:4)
  A basilisk (D:7)
  2 water moccasins (D:7)
  Duvessa (D:6)
  An ice beast (D:7)
  2 black bears
  3 ogres
  A lemure (D:6)
  A centaur (D:7)
  A bullfrog (D:6)
  A necrophage (D:7)
  2 gnoll sergeants (D:6)
  4 scorpions
  Dowan (D:6)
  A howler monkey (D:6)
  An iron imp (D:3)
  3 jellies
  A hound (D:5)
  An orc wizard (D:6)
  2 iguanas
  8 gnolls
  7 adders
  An ufetubus (D:5)
  3 worms
  2 dart slugs
  7 orcs
  4 bats
  3 endoplasms
  2 giant cockroaches
  4 goblins
  5 hobgoblins
  6 kobolds
  4 quokkas
  7 ball pythons
  5 frilled lizards (D:2)
  3 rats
104 creatures vanquished.

Vanquished Creatures (others)
  2 plants (D:3)
2 creatures vanquished.

Grand Total: 106 creatures vanquished

Notes
Turn   | Place    | Note
-------+----------+-------------------------------------------
     0 | D:1      | KittyFluff the Gargoyle Berserker began the quest for the
                  | Orb.
     0 | D:1      | Reached XP level 1. HP: 14/14 MP: 1/1
   388 | D:1      | Found a faded altar of an unknown god.
   785 | D:1      | Reached XP level 2. HP: 14/19 MP: 2/2
  1177 | D:2      | Reached XP level 3. HP: 23/23 MP: 3/3
  2023 | D:2      | Reached ** piety under Trog
  2235 | D:3      | Reached XP level 4. HP: 26/29 MP: 4/4
  2754 | D:3      | Found Asyatoh's Magic Scroll Shoppe.
  2763 | D:3      | Bought a scroll of noise for 14 gold pieces
  2763 | D:3      | Bought a scroll of teleportation for 42 gold pieces
  2763 | D:3      | Bought a scroll of identify for 28 gold pieces
  2859 | D:3      | Found a snail-covered altar of Cheibriados.
  2865 | D:3      | Reached skill level 4 in Maces & Flails
  2865 | D:3      | Reached XP level 5. HP: 33/33 MP: 5/5
  3129 | D:4      | Noticed Eustachio
  3328 | D:3      | Bought a scroll of identify for 28 gold pieces
  3352 | D:4      | Killed Eustachio
  3353 | D:4      | Reached skill level 1 in Stealth
  3353 | D:4      | Reached XP level 6. HP: 27/38 MP: 2/6
  3796 | D:4      | Found Bosm's Antique Weapon Emporium.
  4093 | D:4      | Found a shimmering blue altar of Sif Muna.
  4493 | D:5      | Entered Level 5 of the Dungeon
  4494 | D:5      | Found a basalt altar of Yredelemnul.
  4566 | D:5      | Reached skill level 5 in Maces & Flails
  4940 | D:5      | Reached XP level 7. HP: 16/43 MP: 2/7
  5256 | D:5      | Found a staircase to the Ecumenical Temple.
  6009 | D:5      | Reached skill level 6 in Maces & Flails
  6580 | D:6      | Found an iron altar of Okawaru.
  6583 | D:6      | Found a glowing silver altar of Zin.
  6584 | D:6      | Found an opulent altar of Gozag.
  6642 | D:6      | Reached skill level 5 in Fighting
  6642 | D:6      | Reached XP level 8. HP: 24/49 MP: 5/8
  6910 | D:6      | Reached skill level 5 in Armour
  7187 | D:6      | Noticed Dowan
  7188 | D:6      | Noticed Duvessa
  7197 | D:6      | Killed Duvessa
  7205 | D:6      | Killed Dowan
  7892 | D:6      | Reached skill level 7 in Maces & Flails
  8114 | D:6      | Noticed Pikel
  8125 | D:6      | Killed Pikel
  8126 | D:6      | Reached skill level 1 in Shields
  8126 | D:6      | Reached XP level 9. HP: 40/55 MP: 6/9
  8406 | D:7      | Reached skill level 8 in Maces & Flails
  8435 | D:7      | Reached *** piety under Trog
  8661 | D:7      | Identified the +0 pair of gloves of Bedevilment {rPois
                  | rF+++ rC- Dex-4}
  8725 | D:7      | Noticed a deep elf pyromancer
  8738 | D:7      | Killed a deep elf pyromancer
  8927 | D:7      | Reached skill level 5 in Dodging
  8975 | D:7      | Killed from afar by a steam dragon

Illustrated notes

Levels and vault maps discovered:
D:1:      lightli_arrival_statue_moat, layout_basic,
          ebering_ecumenical_altar_petrified
D:2:      kennysheep_six_static_rooms, layout_loops_ring, hangedman_decor_push,
          minmay_misc_feat_enclosed
D:3:      layout_basic, chei_slow_surprise, serial_shops, shop,
          saegor_snake_ambush
D:4:      layout_gridville, nicolae_overflow_hidden_temple, serial_shops,
          shop_fountains, grunt_ministairs_2, uniq_eustachio
D:5:      layout_basic, amcnicky_altar_gilded, lemuel_temple_firewalk_b
D:6:      layout_layer_cave, grunt_temple_overflow_gold_and_silver,
          okawaru_metal_pillars_1_2, cheibrodos_sewer_entry_sluice,
          grunt_decor_fettered, nicolae_figureground_sparkle, uniq_pikel,
          uniq_duvessa
D:7:      layout_basic, minmay_three_doors

Skill      XL: |  1  2  3  4  5  6  7  8  9 |
---------------+----------------------------+-----
Armour         | 3 4 6 |  6.9
Dodging        | 2 3 4 5 |  5.0
Maces & Flails | 4 5 6 7 8 |  8.6
Stealth        | 1 2 3 |  3.0
Fighting       | 4 5 6 7 |  7.1
Shields        | 1 2 |  2.0
Throwing       | |  0.8

Action                   |  1- 3 |  4- 6 |  7- 9 || total
-------------------------+-------+-------+-------++-------
Melee: Mace              |   112 |   137 |   317 ||   566
       Punch             |       |     2 |     3 ||     5
 Fire: Sling             |       |     3 |       ||     3
Throw: Stone             |       |     4 |    14 ||    18
Invok: Berserk           |     1 |       |     5 ||     6
  Use: Scroll            |       |     8 |     4 ||    12
       Potion            |       |       |     2 ||     2
 Stab: Sleeping          |       |       |     1 ||     1
Armor: Animal skin       |    65 |     9 |       ||    74
       Leather armour    |       |    44 |   144 ||   188
Dodge: Dodged            |    98 |    81 |   193 ||   372
Block: Buckler           |       |       |    26 ||    26
